SL
CHICAGO GOLD SOX @ FT. WORTH CATTLEMEN
08/31/2025
 
TOP OF THE 1ST
Chicago Gold Sox batting - Pitching for Ft. Worth Cattlemen : RHP Makoto Kato
Pitching: RHP Makoto Kato
Batting: LHB Arthur Ryan 0-0: Swinging Strike
0-1: Swinging Strike
0-2: Ball
1-2: Strikes out swinging
Batting: LHB Eddie Flynn 0-0: Fly out, F7 (Flyball, 7LM)
Batting: RHB Ángel Rivera 0-0: Called Strike
0-1: Foul Ball, location: 2F
0-2: Ball
1-2: Fly out, F9 (Flyball, 9LSF)
Top of the 1st over - 0 run(s), 0 hit(s), 0 error(s), 0 left on base; Chicago 0 - Ft. Worth 0
BOTTOM OF THE 1ST
Ft. Worth Cattlemen batting - Pitching for Chicago Gold Sox : RHP Sixto Palaeios
Pitching: RHP Sixto Palaeios
Batting: SHB Robby Day 0-0: Called Strike
0-1: Foul Ball, location: 2F
0-2: Ball
1-2: Foul Ball, location: 2F
1-2: Fly out, F4 (Line Drive, 4)
Batting: RHB Joey Morgan 0-0: Ball
1-0: Ball
2-0: Ball
3-0: Base on Balls
Batting: RHB Bart Lewis 0-0: Ball
1-0: Ball
2-0: Swinging Strike
2-1: Swinging Strike
2-2: Foul Ball, location: 2F
2-2: Grounds into double play, 4-6-3 (Groundball, 4)
Bottom of the 1st over - 0 run(s), 0 hit(s), 0 error(s), 0 left on base; Chicago 0 - Ft. Worth 0
TOP OF THE 2ND
Chicago Gold Sox batting - Pitching for Ft. Worth Cattlemen : RHP Makoto Kato
Batting: LHB Melvin Castro 0-0: Foul Ball, location: 2F
0-1: Ball
1-1: Fly out, F7 (Flyball, 7S)
Batting: RHB Tyrone Scott 0-0: Ball
1-0: Ball
2-0: Called Strike
2-1: SINGLE (Groundball, 34S) (infield hit)
Batting: LHB William Wise 0-0: Fielders Choice at 2nd, 4-6 (Groundball, 4)
Batting: LHB Sam Good 0-0: Ball
1-0: Called Strike
1-1: Called Strike
1-2: Foul Ball, location: 2F
1-2: Fielders Choice at 2nd, 4-6 (Groundball, 4)
Top of the 2nd over - 0 run(s), 1 hit(s), 0 error(s), 0 left on base; Chicago 0 - Ft. Worth 0
BOTTOM OF THE 2ND
Ft. Worth Cattlemen batting - Pitching for Chicago Gold Sox : RHP Sixto Palaeios
Batting: RHB Teruo Nakayama 0-0: Ball
1-0: Called Strike
1-1: Ground out 6-3 (Groundball, 56)
Batting: LHB Ryan Westlake 0-0: Called Strike
0-1: Foul Ball, location: 2F
0-2: Ball
1-2: Foul Ball, location: 2F
1-2: Ball
2-2: SINGLE (Line Drive, 56)
Batting: RHB Júlio Maldonado 0-0: Swinging Strike
0-1: Foul Ball, location: 2F
0-2: Ball
1-2: Strikes out looking
Batting: RHB Alan Elder 0-0: Swinging Strike
0-1: Called Strike
0-2: Hit by Pitch
Ryan Westlake to second
Batting: LHB Nobuo Yamashita 0-0: Foul Ball, location: 2F
0-1: Called Strike
0-2: Ball
1-2: SINGLE (Groundball, 6MD)
Ryan Westlake to third
Alan Elder to second
Runner from 3rd tries for Home, SAFE, no throw
Batting: RHB Jorge Rosa 0-0: Called Strike
0-1: Foul Ball, location: 2F
0-2: Strikes out looking
Bottom of the 2nd over - 1 run(s), 2 hit(s), 0 error(s), 2 left on base; Chicago 0 - Ft. Worth 1
TOP OF THE 3RD
Chicago Gold Sox batting - Pitching for Ft. Worth Cattlemen : RHP Makoto Kato
Batting: RHB Rod Jones 0-0: Swinging Strike
0-1: Ball
1-1: Ball
2-1: Ground out 4-3 (Groundball, 4)
Batting: RHB Matt Love 0-0: Ball
1-0: Called Strike
1-1: Ball
2-1: Called Strike
2-2: Ball
3-2: Fly out, F8 (Flyball, 8RD)
Batting: LHB Arthur Ryan 0-0: Ball
1-0: Called Strike
1-1: Ball
2-1: Swinging Strike
2-2: Strikes out swinging
Top of the 3rd over - 0 run(s), 0 hit(s), 0 error(s), 0 left on base; Chicago 0 - Ft. Worth 1
BOTTOM OF THE 3RD
Ft. Worth Cattlemen batting - Pitching for Chicago Gold Sox : RHP Sixto Palaeios
Batting: SHB Robby Day 0-0: Ball
1-0: DOUBLE (Line Drive, 9LM)
Batting: RHB Joey Morgan 0-0: Ball
1-0: Ball
2-0: Called Strike
2-1: 2-RUN HOME RUN (Flyball, 78XD), Distance : 425 ft
Batting: RHB Bart Lewis 0-0: Ball
1-0: Foul Ball, location: 2F
1-1: Swinging Strike
1-2: Foul Ball, location: 2F
1-2: Strikes out swinging
Batting: RHB Teruo Nakayama 0-0: SINGLE (Flyball, 78S)
Batting: LHB Ryan Westlake 0-0: Called Strike
0-1: Ball
1-1: Ball
2-1: Foul Ball, location: 2F
2-2: Ball
3-2: Base on Balls
Teruo Nakayama to second
Batting: RHB Júlio Maldonado 0-0: Called Strike
0-1: Ball
1-1: Ball
2-1: Ball
3-1: Foul Ball, location: 2F
3-2: Strikes out swinging
Batting: RHB Alan Elder 0-0: Called Strike
0-1: Called Strike
0-2: Ball
1-2: Ball
2-2: Ground out 5-3 (Groundball, 56S)
Bottom of the 3rd over - 2 run(s), 3 hit(s), 0 error(s), 2 left on base; Chicago 0 - Ft. Worth 3
TOP OF THE 4TH
Chicago Gold Sox batting - Pitching for Ft. Worth Cattlemen : RHP Makoto Kato
Batting: LHB Eddie Flynn 0-0: Called Strike
0-1: Swinging Strike
0-2: Ball
1-2: Ball
2-2: Foul Ball, location: 2F
2-2: Fly out, F3 (Popup, 3L)
Batting: RHB Ángel Rivera 0-0: Ball
1-0: Foul Ball, location: 2F
1-1: Foul Ball, location: 2F
1-2: Foul Ball, location: 2F
1-2: Reached via error on a dropped throw, E3
Batting: LHB Melvin Castro 0-0: Ball
1-0: Called Strike
1-1: Fly out, F7 (Flyball, 7)
Batting: RHB Tyrone Scott 0-0: Ball
1-0: Swinging Strike
1-1: 2-RUN HOME RUN (Flyball, 8LXD), Distance : 437 ft
Batting: LHB William Wise 0-0: Ball
1-0: Ball
2-0: Foul Ball, location: 2F
2-1: Swinging Strike
2-2: SINGLE (Groundball, 56) (infield hit)
Batting: LHB Sam Good 0-0: Ball
1-0: Ball
William Wise steals 2nd base
2-0: Fly out, F8 (Flyball, 8LM)
Top of the 4th over - 2 run(s), 2 hit(s), 1 error(s), 1 left on base; Chicago 2 - Ft. Worth 3
BOTTOM OF THE 4TH
Ft. Worth Cattlemen batting - Pitching for Chicago Gold Sox : RHP Sixto Palaeios
Batting: LHB Nobuo Yamashita 0-0: Called Strike
0-1: Ball
1-1: Foul Ball, location: 2F
1-2: Ball
2-2: Ball
3-2: Strikes out swinging
Batting: RHB Jorge Rosa 0-0: Ball
1-0: Swinging Strike
1-1: Called Strike
1-2: Strikes out looking
Batting: SHB Robby Day 0-0: Fly out, F9 (Flyball, 9)
Bottom of the 4th over - 0 run(s), 0 hit(s), 0 error(s), 0 left on base; Chicago 2 - Ft. Worth 3
TOP OF THE 5TH
Chicago Gold Sox batting - Pitching for Ft. Worth Cattlemen : RHP Makoto Kato
Batting: RHB Rod Jones 0-0: Ball
1-0: Ball
2-0: Foul Ball, location: 2F
2-1: Ball
3-1: Foul Ball, location: 2F
3-2: Strikes out swinging
Batting: RHB Matt Love 0-0: Ground out 5-3 (Groundball, 56S)
Batting: LHB Arthur Ryan 0-0: Called Strike
0-1: Ball
1-1: Ball
2-1: Foul Ball, location: 2F
2-2: Ground out 5-3 (Groundball, 56)
Top of the 5th over - 0 run(s), 0 hit(s), 0 error(s), 0 left on base; Chicago 2 - Ft. Worth 3
BOTTOM OF THE 5TH
Ft. Worth Cattlemen batting - Pitching for Chicago Gold Sox : RHP Sixto Palaeios
Batting: RHB Joey Morgan 0-0: SINGLE (Line Drive, 89S)
Batting: RHB Bart Lewis 0-0: Ball
1-0: Called Strike
Joey Morgan steals 2nd base
1-1: Foul Ball, location: 2F
1-2: Strikes out swinging
Batting: RHB Teruo Nakayama 0-0: Fly out, F8 (Flyball, 8LD)
Runner from 2nd tags up, SAFE at 3rd, no throw
Batting: LHB Ryan Westlake 0-0: Ball
1-0: Ball
2-0: Called Strike
2-1: Ball
Passed Ball!
Joey Morgan scores
3-1: Foul Ball, location: 2F
3-2: Ground out 4-3 (Groundball, 4)
Bottom of the 5th over - 1 run(s), 1 hit(s), 0 error(s), 0 left on base; Chicago 2 - Ft. Worth 4
TOP OF THE 6TH
Chicago Gold Sox batting - Pitching for Ft. Worth Cattlemen : RHP Makoto Kato
Batting: LHB Eddie Flynn 0-0: Called Strike
0-1: Swinging Strike
0-2: SINGLE (Groundball, 4MD)
Batting: RHB Ángel Rivera 0-0: Ball
1-0: Fly out, F9 (Flyball, 9S)
Batting: LHB Melvin Castro 0-0: Ball
1-0: Ball
2-0: Foul Ball, location: 2F
2-1: Fly out, F7 (Flyball, 7LS)
Batting: RHB Tyrone Scott 0-0: Ball
1-0: Foul Ball, location: 2F
1-1: Ball
2-1: Called Strike
2-2: Strikes out swinging
Top of the 6th over - 0 run(s), 1 hit(s), 0 error(s), 1 left on base; Chicago 2 - Ft. Worth 4
BOTTOM OF THE 6TH
Ft. Worth Cattlemen batting - Pitching for Chicago Gold Sox : RHP Sixto Palaeios
Batting: RHB Júlio Maldonado 0-0: Ball
1-0: Ball
2-0: Ball
3-0: Base on Balls
Batting: RHB Alan Elder 0-0: Called Strike
0-1: Swinging Strike
0-2: Ball
1-2: Grounds into double play, 6-4-3 (Groundball, 6)
Batting: LHB Nobuo Yamashita 0-0: Ball
1-0: Ball
2-0: Ball
3-0: Called Strike
3-1: Foul Ball, location: 2F
3-2: Fly out, F8 (Flyball, 8LM)
Bottom of the 6th over - 0 run(s), 0 hit(s), 0 error(s), 0 left on base; Chicago 2 - Ft. Worth 4
TOP OF THE 7TH
Chicago Gold Sox batting - Pitching for Ft. Worth Cattlemen : RHP Makoto Kato
Batting: LHB William Wise 0-0: Called Strike
0-1: Fly out, F8 (Flyball, 8RXD)
Batting: LHB Sam Good 0-0: Ground out 4-3 (Groundball, 34)
Batting: RHB Rod Jones 0-0: Called Strike
0-1: SOLO HOME RUN (Flyball, 89XD), Distance : 433 ft
Batting: RHB Matt Love 0-0: Called Strike
0-1: Ball
1-1: Ball
2-1: Called Strike
2-2: Foul Ball, location: 2F
2-2: Ball
3-2: Fly out, F2 (Popup, 3S)
Top of the 7th over - 1 run(s), 1 hit(s), 0 error(s), 0 left on base; Chicago 3 - Ft. Worth 4
BOTTOM OF THE 7TH
Ft. Worth Cattlemen batting - Pitching for Chicago Gold Sox : RHP Sixto Palaeios
Batting: RHB Jorge Rosa 0-0: Ball
1-0: Called Strike
1-1: Swinging Strike
1-2: Ball
2-2: Ground out 5-3 (Groundball, 5)
Batting: SHB Robby Day 0-0: Foul Ball, location: 2F
0-1: Ball
1-1: Fly out, F9 (Flyball, 89D)
Batting: RHB Joey Morgan 0-0: Called Strike
0-1: Ball
1-1: Ball
2-1: Swinging Strike
2-2: Ball
3-2: Base on Balls
Pitching: LHP Jason Puckett
Batting: RHB Bart Lewis 0-0: Ball
1-0: Foul Ball, location: 2F
1-1: Foul Ball, location: 2F
1-2: DOUBLE (Flyball, 78D)
Joey Morgan to third
Runner from 3rd tries for Home, SAFE, no throw
Batting: RHB Teruo Nakayama 0-0: Foul Ball, location: 2F
0-1: Foul Ball, location: 2F
0-2: Foul Ball, location: 2F
0-2: Ball
1-2: Ground out 4-3 (Groundball, 4)
Bottom of the 7th over - 1 run(s), 1 hit(s), 0 error(s), 1 left on base; Chicago 3 - Ft. Worth 5
TOP OF THE 8TH
Chicago Gold Sox batting - Pitching for Ft. Worth Cattlemen : RHP Makoto Kato
Batting: LHB Arthur Ryan 0-0: Ball
1-0: SINGLE (Line Drive, 34)
Batting: LHB Eddie Flynn 0-0: Fly out, F9 (Flyball, 9S)
Batting: RHB Ángel Rivera 0-0: Fly out, F9 (Flyball, 89S)
Batting: LHB Melvin Castro 0-0: Foul Ball, location: 2F
0-1: Swinging Strike
0-2: Ball
1-2: Ball
2-2: Foul Ball, location: 2F
2-2: Foul Ball, location: 2F
2-2: Fly out, F7 (Flyball, 7LM)
Top of the 8th over - 0 run(s), 1 hit(s), 0 error(s), 1 left on base; Chicago 3 - Ft. Worth 5
BOTTOM OF THE 8TH
Ft. Worth Cattlemen batting - Pitching for Chicago Gold Sox : LHP Jason Puckett
Batting: LHB Ryan Westlake 0-0: Ball
1-0: Called Strike
1-1: Called Strike
1-2: Fly out, F7 (Flyball, 7S)
Batting: RHB Júlio Maldonado 0-0: Called Strike
0-1: Ball
1-1: Fly out, F7 (Flyball, 7S)
Batting: RHB Alan Elder 0-0: Fly out, F9 (Flyball, 9S)
Bottom of the 8th over - 0 run(s), 0 hit(s), 0 error(s), 0 left on base; Chicago 3 - Ft. Worth 5
TOP OF THE 9TH
Chicago Gold Sox batting - Pitching for Ft. Worth Cattlemen : RHP Makoto Kato
Batting: RHB Tyrone Scott 0-0: Ground out 6-3 (Groundball, 56)
Batting: LHB William Wise 0-0: Ball
1-0: SINGLE (Groundball, 34D)
Pitching: LHP Juan Sánchez
Pinch Hitting: RHB Scott Zijm 0-0: Swinging Strike
0-1: 2-RUN HOME RUN (Flyball, 7D), Distance : 372 ft
Batting: RHB Rod Jones 0-0: Called Strike
0-1: SINGLE (Groundball, 6D)
Batting: RHB Matt Love 0-0: Called Strike
0-1: Swinging Strike
0-2: Strikes out swinging
Batting: LHB Arthur Ryan 0-0: Called Strike
0-1: Foul Ball, location: 2F
0-2: Strikes out looking
Top of the 9th over - 2 run(s), 3 hit(s), 0 error(s), 1 left on base; Chicago 5 - Ft. Worth 5
BOTTOM OF THE 9TH
Ft. Worth Cattlemen batting - Pitching for Chicago Gold Sox : LHP Jason Puckett
Now in LF: Scott Zijm
Batting: LHB Nobuo Yamashita 0-0: Ball
1-0: Foul Ball, location: 2F
1-1: Ball
2-1: Called Strike
2-2: Ground out 1-3 (Groundball, 13S)
Batting: RHB Jorge Rosa 0-0: Ball
1-0: Swinging Strike
1-1: Swinging Strike
1-2: Foul Ball, location: 2F
1-2: Foul Ball, location: 2F
1-2: Strikes out swinging
Batting: SHB Robby Day 0-0: Called Strike
0-1: Ball
1-1: Foul Ball, location: 2F
1-2: SINGLE (Line Drive, 6M)
Batting: RHB Joey Morgan 0-0: Ball
1-0: 2-RUN HOME RUN (Flyball, 7D), Distance : 386 ft
Friday, December 30th, 2016 - OOTP Baseball 17.12 Build 75